 Dungeon Crawl Stone Soup version 0.30-a0-883-g5ad918d77d (webtiles) character file.

Game seed: 9754959692420573800

31637 demibob the Severer (level 13, -2/122 HPs)
             Began as a Hill Orc Wanderer on Mar 16, 2023.
             Was an Elder of Beogh.
             Succumbed to a black mamba's poison
             ... on level 5 of the Lair of Beasts.
             The game lasted 00:19:32 (15278 turns).

demibob the Severer (Hill Orc Wanderer)            Turns: 15278, Time: 00:19:32

Health: -2/122     AC: 23    Str: 19    XL:     13   Next: 59%
Magic:  16/16      EV: 13    Int: 16    God:    Beogh [****..]
Gold:   821        SH:  0    Dex: 12    Spells: 15/16 levels left

rFire   . . .      SeeInvis .    a - +0 battleaxe (freeze)
rCold   . . .      Faith    .    (shield currently unavailable)
rNeg    . . .      Spirit   .    n - +6 chain mail of Hoatsaciu {Int+5}
rPois   .          Reflect  .    (no helmet)
rElec   .          Rampage  .    (no cloak)
rCorr   .                        (no gloves)
Will    .....                    (no boots) Stlth
                                 (no amulet)
HPRegen 0.40/turn                T - +4 ring of protection
MPRegen 0.15/turn                e - +5 ring of evasion

@: lethally poisoned (-2 -> -26)
A: no striking features
a: Renounce Religion, Smiting, Recall Orcish Followers


You were on level 5 of the Lair of Beasts.
You worshipped Beogh.
Beogh was greatly pleased with you.
You visited 2 branches of the dungeon, and saw 15 of its levels.

You collected 821 gold pieces.


   Skills:
 + Level 13.1 Fighting
 + Level 18.7(19.0) Axes
 - Level 4.9(11.5) Maces & Flails
 + Level 14.0 Armour
 - Level 1.5 Dodging
 - Level 1.5 Stealth
 - Level 2.4 Spellcasting
 - Level 1.0 Evocations


You had 15 spell levels left.
You knew the following spells:

 Your Spells              Type           Power      Damage    Failure   Level
s - Slow                  Hex            4%         N/A       77%         1

Your spell library contained the following spells:

 Spells                   Type           Power      Damage    Failure   Level
 Blink                    Tloc           2%         N/A       88%         2
 Lesser Beckoning         Tloc           2%         N/A       88%         2
 Momentum Strike          Conj/Tloc      2%         3d8       88%         2
 Confusing Touch          Hex            1%         N/A       98%         3
 Dazzling Flash           Conj/Hex       2%         N/A       98%         3
 Frozen Ramparts          Ice            2%         1d1       98%         3
 Gell's Gravitas          Tloc           1%         N/A       98%         3
 Teleport Other           Tloc           1%         N/A       98%         3
 Airstrike                Air            0%         2d(1-17)  100%        4
 Ice Form                 Ice/Tmut       1%         N/A       100%        4
 Iskenderun's Mystic Bla  Conj/Tloc      1%         2d3       100%        4
 Petrify                  Tmut/Erth      1%         N/A       100%        4
 Summon Ice Beast         Ice/Summ       1%         N/A       100%        4
 Summon Lightning Spire   Summ/Air       1%         N/A       100%        4
 Agony                    Necr           1%         N/A       100%        5
 Lightning Bolt           Conj/Air       0%         1d11      100%        5
 Metabolic Englaciation   Hex/Ice        0%         N/A       100%        5
 Silence                  Hex/Air        0%         N/A       100%        5
 Summon Forest            Summ/Tloc      0%         N/A       100%        5
 Summon Mana Viper        Hex/Summ       1%         N/A       100%        5
 Simulacrum               Ice/Necr       0%         N/A       100%        6
 Starburst                Conj/Fire      0%         6d3       100%        6
 Statue Form              Tmut/Erth      0%         N/A       100%        6
 Summon Cactus Giant      Summ           0%         N/A       100%        6
 Haunt                    Necr/Summ      0%         N/A       100%        7
 Ozocubu's Refrigeration  Ice            0%         4d7       100%        7

Inventory:

Hand Weapons
 a - a +0 battleaxe of freezing (weapon)
 q - a +0 whip
 u - a +0 flail
 v - a +0 club
 z - a +1 hand axe of flaming
 K - a +1 war axe
Missiles
 j - 4 boomerangs of dispersal {=f}
 t - 2 throwing nets {=f}
Armour
 l - a +1 pair of boots
 m - a +0 cloak
 n - the +6 chain mail of Hoatsaciu (worn) {Int+5}
   (You acquired it on level 2 of the Dungeon)

   Int:       It affects your intelligence (+5).
 s - a +0 pair of gloves
 J - the +1 pair of boots of the Turtle {rPois Int+2}
   (You found it on level 1 of the Lair of Beasts)

   Int:       It affects your intelligence (+2).
   rPois:     It protects you from poison.
Jewellery
 e - a +5 ring of evasion (right hand)
 C - a ring of protection from cold
 E - a +5 ring of evasion
 T - a +4 ring of protection (left hand)
Wands
 B - a wand of flame (7)
 D - a wand of light (8)
 H - a wand of roots (12)
 M - a wand of charming (5)
 O - a wand of mindburst (9)
Scrolls
 b - 6 scrolls of silence {!r}
 d - 4 scrolls of enchant weapon
 g - 4 scrolls of teleportation {@r2}
 k - 4 scrolls of enchant armour
 p - 3 scrolls of fog
 x - 2 scrolls of poison
 G - a scroll of identify {@r1}
 L - 2 scrolls of amnesia
Potions
 c - a potion of brilliance
 f - 3 potions of invisibility
 h - 3 potions of lignification
 o - 4 potions of flight
 r - a potion of ambrosia
 w - 3 potions of haste {@q3}
 y - 2 potions of mutation
 A - 2 potions of magic
 I - 2 potions of resistance
 N - 3 potions of might
 P - a potion of heal wounds {@q2}
 Q - a potion of attraction {unknown}
Miscellaneous
 R - a phial of floods

Dungeon Overview and Level Annotations

Branches:
Dungeon (10/15)            Temple (0/1) D:5            Lair (5/5) D:10
 Shoals (0/4) Lair:3        Snake (0/4) Lair:2          Orc (0/2) D:10
  Slime: Lair:4-5

Altars:
Elyvilon
Fedhas
Kikubaaqudgha
Nemelex Xobeh
Qazlal
Ru
Trog
Uskayaw
The Shining One

Shops:
D:4 =

Annotations:
D:10 2 transporters, lesbiats's ghost, journeyman TrFi
Lair:1 1 runed translucent door, AtlasWard's ghost, journeyman TeHu

......F...P
...............#..
.................P.
....................
....P...##..#.#......
................P...<..
..##.PP................
#........P..@....b#..#
##........S......#....
#......#....#...#.....
##....P#..####.........
#.......#.## ##.#..#...
#..........####.#.##
#P....#.#..#.#.....#.
#......##..............
#.P...#.....)#.#..##...


You could see a black mamba and a blink frog (wandering).


Message History

You freeze the black mamba.
Your attack snaps the black mamba out of its fear.
The black mamba is moderately wounded.
The black mamba barely misses you.
You slash the black mamba! You freeze the black mamba.
The black mamba is almost dead.
The black mamba is no longer moving slowly.
The black mamba bites you.
* * * LOW HITPOINT WARNING * * *
You are poisoned.
The black mamba poisons you!
You slice the black mamba!!
The black mamba seems to slow down.
You freeze the black mamba.
You kill the black mamba!
Beogh accepts your kill.
You feel very sick.
Unknown command.
You feel very sick.
You feel very sick.
You feel sick.
You feel sick.
You feel sick.
You feel sick.
You feel sick.
You feel sick. The black mamba bites you!
* * * LOW HITPOINT WARNING * * *
You are lethally poisoned!
The black mamba poisons you!
A blink frog comes into view.
You die...

Skill      XL: |  1  2  3  4  5  6  7  8  9 10 11 12 13 |
---------------+----------------------------------------+-----
Maces & Flails | 1 3 4 |  4.9
Axes           | 3 6 8 10 13 15 16 17 18 | 18.7
Armour         | 1 3 4 6 8 9 11 13 14 | 14.0
Fighting       | 3 6 9 11 13 | 13.1
Dodging        | |  1.5
Stealth        | |  1.5
Spellcasting   | |  2.4
Evocations     | |  1.0

Action                     |  1- 3 |  4- 6 |  7- 9 | 10-12 | 13-15 || total
---------------------------+-------+-------+-------+-------+-------++-------
  Melee: Club              |    98 |       |       |       |       ||    98
         Whip              |    47 |    35 |       |       |       ||    82
         Flail             |       |    23 |       |       |       ||    23
         War axe           |       |   189 |   382 |   380 |       ||   951
         Punch             |       |     1 |     5 |     5 |       ||    11
         Battleaxe         |       |       |       |   215 |   158 ||   373
 Invoke: Convert to Beogh  |       |       |     1 |       |       ||     1
  Evoke: Wand              |       |       |       |     8 |     2 ||    10
    Use: Scroll            |       |    15 |     7 |       |     6 ||    28
         Potion            |       |     1 |     2 |     3 |     2 ||     8
   Stab: Sleeping          |     3 |     2 |       |       |       ||     5
         Invisible         |       |       |       |     6 |       ||     6
         Distracted        |       |       |       |       |     1 ||     1
 Armour: Leather armour    |    69 |    32 |       |       |       ||   101
         Chain mail        |       |   158 |   184 |   271 |    91 ||   704
  Dodge: Dodged            |   111 |    98 |   224 |   342 |    90 ||   865

Levels and vault maps discovered:
D:1:      noname_arrival_rooms_in_the_neighbourhood, layout_loops_ring,
          ebering_ecumenical_altar_ruins, minmay_misc_feat_rows
D:2:      layout_rooms
D:3:      minmay_chambers_of_twos, layout_rooms, nicolae_uskayaw_en_pointe,
          minmay_misc_feat_five
D:4:      layout_basic, serial_shops, shop
D:5:      layout_basic, minmay_temple_entry_antechambers, minmay_circle_x
D:6:      layout_loops_cross, grunt_temple_overflow_diamond
D:7:      layout_loops_ring, kiku_gazebo_pond_becter,
          chequers_serial_rivers_micro_d, uniq_duvessa
D:8:      layout_basic, serial_aquarium, aquarium_bridge_island_large
          [aquarium_subvault_large_1_pool, aquarium_subvault_wall,
          aquarium_subvault_wall, aquarium_subvault_bridge,
          aquarium_subvault_bridge], aquarium_bridge_square
          [aquarium_subvault_bridge, aquarium_subvault_balcony,
          aquarium_subvault_bridge, aquarium_subvault_wall],
          aquarium_window_corridor_3, aquarium_window_1, aquarium_view_2c
D:9:      layout_loops_cross, lemuel_tele_altar, tgw_trog,
          mainiacjoe_overflow_paths
D:10:     layout_gridville, tso_metal_star, lair_entry_dummy, orc_0_dummy,
          gammafunk_ghost_smash, enter_bailey_3
Lair:1:   layout_hall_layers, ebering_ghost_funeral_grove,
          infiniplex_staircase_pool, uniq_harold
Lair:2:   layout_roguey, dummy_snake_entry, uniq_maggie
Lair:3:   layout_gridlike, elwin_shoals_entry_rooms
Lair:4:   layout_regular_city, pdpol_lair_neglected_garden, st_stairs_5
Lair:5:   evilmike_catoblepas_cave, layout_loops_ring, slime_entry_1,
          dreamdust_gnoll_shepherd, serial_bayou_shore_b, lemuel_fruit_fields

Notes
Turn   | Place    | Note
-------+----------+-------------------------------------------
     0 | D:1      | demibob the Hill Orc Wanderer began the quest for the Orb.
     0 | D:1      | demibob set off with the following items: a +0 club, a
                  | scroll of silence {!r}, a potion of brilliance, a +2
                  | leather armour; and the following spell memorised: Slow;
                  | and the following spells available to memorise: Confusing
                  | Touch.
     0 | D:1      | Reached XP level 1. HP: 18/18 MP: 3/3
    86 | D:1      | Reached skill level 1 in Maces & Flails
   181 | D:1      | Got the Guide on the Grim Icicle
   262 | D:1      | Reached XP level 2. HP: 25/25 MP: 5/5
   495 | D:1      | Reached skill level 2 in Maces & Flails
   582 | D:1      | Found a faded altar of an unknown god.
   829 | D:1      | Reached skill level 3 in Maces & Flails
   829 | D:1      | Reached XP level 3. HP: 27/30 MP: 6/6
  1032 | D:2      | Reached skill level 4 in Maces & Flails
  1032 | D:2      | Reached XP level 4. HP: 37/37 MP: 7/7
  1365 | D:2      | Reached XP level 5. HP: 42/42 MP: 8/8
  1477 | D:2      | Identified a scroll of acquirement
  1477 | D:2      | Acquired the +6 chain mail of Hoatsaciu {Int+5}
  1564 | D:3      | Reached skill level 1 in Axes
  1656 | D:3      | Found a hide-covered altar of Uskayaw.
  1656 | D:3      | Noticed a +0 dagger
  1658 | D:3      | Noticed a +0 falchion
  1658 | D:3      | Noticed a +0 spear
  1658 | D:3      | Noticed a +0 falchion
  1658 | D:3      | Noticed a +0 short sword
  1659 | D:3      | Noticed a +0 short sword
  1660 | D:3      | Noticed a +0 spear
  1660 | D:3      | Noticed a +0 dagger
  1866 | D:3      | Reached skill level 2 in Axes
  1866 | D:3      | Reached skill level 1 in Armour
  2272 | D:4      | Found Nublejy's Jewellery Boutique.
  2272 | D:4      | Noticed a phantom
  2297 | D:4      | Killed a phantom
  2298 | D:4      | Reached skill level 3 in Axes
  2298 | D:4      | Reached XP level 6. HP: 50/50 MP: 9/9
  2319 | D:4      | Reached skill level 2 in Armour
  2378 | D:4      | Reached skill level 4 in Axes
  2885 | D:4      | Reached skill level 5 in Axes
  3422 | D:5      | Entered Level 5 of the Dungeon
  3465 | D:5      | Reached skill level 6 in Axes
  3465 | D:5      | Reached skill level 3 in Armour
  3465 | D:5      | Reached XP level 7. HP: 56/56 MP: 10/10
  3695 | D:5      | Found a staircase to the Ecumenical Temple.
  3801 | D:5      | Reached skill level 7 in Axes
  3802 | D:5      | Reached skill level 4 in Armour
  3856 | D:5      | Reached skill level 8 in Axes
  3856 | D:5      | Reached XP level 8. HP: 58/62 MP: 11/11
  4460 | D:6      | Reached skill level 5 in Armour
  4617 | D:6      | Found a stormy altar of Qazlal.
  4620 | D:6      | Found a sacrificial altar of Ru.
  4623 | D:6      | Found a white marble altar of Elyvilon.
  4631 | D:6      | Reached skill level 9 in Axes
  4811 | D:6      | Reached skill level 10 in Axes
  5029 | D:7      | Reached skill level 6 in Armour
  5078 | D:7      | Noticed Dowan
  5084 | D:7      | Noticed Duvessa
  5099 | D:7      | Reached XP level 9. HP: 68/68 MP: 12/12
  5102 | D:7      | Killed Duvessa
  5103 | D:7      | Reached skill level 11 in Axes
  5112 | D:7      | Killed Dowan
  5323 | D:7      | Reached skill level 7 in Armour
  5332 | D:7      | Reached skill level 12 in Axes
  5340 | D:7      | Found an ancient bone altar of Kikubaaqudgha.
  5577 | D:7      | Became a worshipper of Beogh the Brigand
  6207 | D:8      | Reached skill level 13 in Axes
  6642 | D:8      | Reached skill level 8 in Armour
  6687 | D:8      | Reached skill level 3 in Fighting
  6687 | D:8      | Reached XP level 10. HP: 77/77 MP: 13/13
  6751 | D:8      | Reached * piety under Beogh
  7440 | D:9      | Reached skill level 4 in Fighting
  7440 | D:9      | Reached skill level 14 in Axes
  7451 | D:9      | Found a sparkling altar of Nemelex Xobeh.
  7906 | D:9      | Noticed a kobold demonologist
  7934 | D:9      | Killed a kobold demonologist
  8045 | D:9      | Found a blossoming altar of Fedhas.
  8148 | D:9      | Noticed a moth of wrath
  8151 | D:9      | Found a bloodstained altar of Trog.
  8203 | D:10     | Entered Level 10 of the Dungeon
  8258 | D:10     | Found a transporter.
  8273 | D:10     | Reached skill level 5 in Fighting
  8615 | D:10     | Identified the +6 dire flail "Ziceng" {flame, Fly rElec rC-
                  | Dex+5}
  8615 | D:10     | Noticed a two-headed ogre
  8616 | D:10     | Noticed a two-headed ogre
  8633 | D:10     | Found a staircase to the Lair.
  8719 | D:10     | Found a transporter.
  8720 | D:10     | Noticed a two-headed ogre
  8721 | D:10     | Noticed lesbiats's ghost (journeyman TrFi)
  8721 | D:10     | Noticed a two-headed ogre
  8721 | D:10     | Noticed a two-headed ogre
  8795 | D:10     | Found a glowing golden altar of the Shining One.
  8994 | D:10     | Reached skill level 9 in Armour
  9195 | D:10     | Found a staircase to the Orcish Mines.
  9370 | Lair:1   | Entered Level 1 of the Lair of Beasts
  9392 | Lair:1   | Reached skill level 15 in Axes
  9396 | Lair:1   | Reached ** piety under Beogh
  9484 | Lair:1   | Identified the +1 pair of boots of the Turtle {rPois Int+2}
  9526 | Lair:1   | Reached skill level 6 in Fighting
  9547 | Lair:1   | Reached XP level 11. HP: 53/89 MP: 14/14
  9839 | Lair:1   | Reached skill level 7 in Fighting
  9845 | Lair:1   | Reached skill level 10 in Armour
  9967 | Lair:1   | HP: 8/92 [komodo dragon (15)]
 10361 | Lair:1   | Reached skill level 8 in Fighting
 10405 | Lair:1   | Noticed Harold
 10422 | Lair:1   | Killed Harold
 10638 | Lair:1   | Found a runed translucent door.
 10638 | Lair:1   | You fall into a shaft and drop 1 floor!
 10742 | Lair:2   | Noticed a death yak
 10890 | Lair:1   | Identified the +1 spear of Boeryn {freeze, Str+5 Int+4}
 10891 | Lair:1   | Noticed AtlasWard's ghost (journeyman TeHu)
 10987 | Lair:2   | Noticed a death yak
 10987 | Lair:2   | Noticed Maggie
 11112 | Lair:2   | Reached skill level 11 in Armour
 11130 | Lair:2   | Reached skill level 9 in Fighting
 11233 | Lair:2   | Noticed a skyshark
 11241 | Lair:2   | Killed a skyshark
 11242 | Lair:2   | Reached skill level 16 in Axes
 11254 | Lair:2   | Reached XP level 12. HP: 53/106 MP: 15/15
 11435 | Lair:2   | Found a staircase to the Snake Pit.
 11439 | Lair:2   | Noticed a death yak
 11440 | Lair:2   | Noticed a death yak
 11467 | Lair:2   | Killed a death yak
 11468 | Lair:2   | Reached skill level 10 in Fighting
 11476 | Lair:2   | Killed a death yak
 11752 | Lair:2   | Reached *** piety under Beogh
 11753 | Lair:2   | Reached skill level 12 in Armour
 11803 | Lair:2   | Reached skill level 17 in Axes
 12094 | Lair:2   | Killed Maggie
 12100 | Lair:2   | Reached skill level 11 in Fighting
 12241 | Lair:2   | Noticed a death yak
 12268 | Lair:2   | Killed a death yak
 12275 | Lair:2   | Killed a death yak
 12287 | Lair:2   | Killed a death yak
 12588 | Lair:3   | Reached skill level 13 in Armour
 12818 | Lair:3   | Reached XP level 13. HP: 108/117 MP: 16/16
 12880 | Lair:2   | Reached skill level 12 in Fighting
 12992 | Lair:3   | Reached skill level 18 in Axes
 13205 | Lair:3   | Found a staircase to the Shoals.
 13640 | Lair:3   | Identified 2 potions of resistance
 13748 | Lair:4   | Reached **** piety under Beogh
 14875 | Lair:5   | Entered Level 5 of the Lair of Beasts
 15029 | Lair:5   | Reached skill level 13 in Fighting
 15243 | Lair:5   | Reached skill level 14 in Armour
 15277 | Lair:5   | HP: 3/122 [black mamba (11)]
 15278 | Lair:5   | Succumbed to a black mamba's poison

Vanquished Creatures
  Harold (Lair:1)
  A boulder beetle (Lair:5)
  6 death yaks
  2 skysharks
  11 elephants (Lair:2)
  4 black mambas
  A merfolk siren (Lair:3)
  10 cane toads
  5 komodo dragons
  Maggie (Lair:2)
  2 rime drakes (Lair:3)
  A kobold demonologist (D:9)
  A hornet (D:9)
  A polar bear (Lair:1)
  10 blink frogs
  9 dream sheep
  A shadow (D:10)
  2 wyverns (D:9)
  39 yaks
  A steam dragon (D:7)
  An acid dragon (D:8)
  3 water moccasins
  Duvessa (D:7)
  An ice beast (D:7)
  A sky beast (D:8)
  2 orc warriors
  A black bear (D:6)
  2 ogres
  6 wolves (Lair:1)
  2 centaurs
  3 phantoms
  11 bullfrogs
  3 scorpions
  12 wights
  Dowan (D:7)
  13 killer bees
  3 howler monkeys (D:7)
  3 electric eels
  6 hounds
  2 orc priests (D:8)
  2 gnoll boudas
  A sleepcap (D:5)
  8 iguanas
  6 orc wizards
  8 adders
  20 gnolls
  2 shadow imps
  3 white imps
  An ufetubus (D:4)
  4 worms
  2 dart slugs
  18 orcs
  10 ball pythons
  7 bats
  5 endoplasms
  2 giant cockroaches
  14 goblins
  6 hobgoblins
  7 jackals
  5 quokkas
  4 frilled lizards
  5 kobolds
  10 rats
336 creatures vanquished.

Vanquished Creatures (others)
  An orc warrior (Lair:4)
  2 orcs
  26 fungi
  17 plants
46 creatures vanquished.

Grand Total: 382 creatures vanquished

Table legend: (Time is in decaauts)
 A = Elapsed time spent in this place.
 B = Non-inter-level travel time spent in this place.
 C = Inter-level travel time spent in this place.
 D = Time resting spent in this place.
 E = Time spent auto-exploring this place.
 F = Levels seen in this place.
 G = Mean time per level.
                   A        B        C        D        E       F      G
               +--------+--------+--------+--------+--------+-----+--------+
         Total |  15181 |  14628 |    553 |    941 |  11244 |  15 | 1012.1 |
       Dungeon |   9376 |   9035 |    341 |    284 |   7040 |  10 |  937.6 |
          Lair |   5805 |   5594 |    211 |    657 |   4203 |   5 | 1161.0 |
               +--------+--------+--------+--------+--------+-----+--------+

Top non-repeatable levels by time:
  Lair:2: 1696 daAuts
  Lair:1: 1512 daAuts
     D:8: 1385 daAuts
  Lair:4: 1302 daAuts
     D:4: 1196 daAuts
    D:10: 1162 daAuts
  Lair:3: 1025 daAuts
     D:1: 966 daAuts
     D:7: 959 daAuts
     D:9: 823 daAuts
     D:6: 784 daAuts
     D:5: 774 daAuts
     D:3: 746 daAuts
     D:2: 576 daAuts
  Lair:5: 268 daAuts

Table legend:
 A = Non-vault XP
 B = Vault XP
 C = Vault XP percentage of total XP
 D = Non-vault monster count
 E = Vault monster count
 F = Vault count percentage of total count
                 A         B        C        D         E       F
            +---------+---------+-------+---------+---------+-------
      Total |   41345 |    3852 |   8.5 |     307 |      29 |   8.6
            +---------+---------+-------+---------+---------+-------
        D:1 |      68 |       0 |   0.0 |      17 |       0 |   0.0
        D:2 |      99 |       0 |   0.0 |      22 |       0 |   0.0
        D:3 |      59 |      16 |  21.3 |      25 |       8 |  24.2
        D:4 |     355 |       0 |   0.0 |      19 |       0 |   0.0
        D:5 |     499 |     340 |  40.5 |      21 |       5 |  19.2
        D:6 |     724 |       0 |   0.0 |      13 |       0 |   0.0
        D:7 |    1502 |     211 |  12.3 |      21 |       2 |   8.7
        D:8 |    1319 |       0 |   0.0 |      27 |       0 |   0.0
        D:9 |    1854 |       8 |   0.4 |      16 |       5 |  23.8
       D:10 |     924 |       6 |   0.6 |      12 |       4 |  25.0
     Lair:1 |    5324 |     873 |  14.1 |      25 |       1 |   3.8
     Lair:2 |   15139 |     379 |   2.4 |      37 |       1 |   2.6
     Lair:3 |    4587 |     451 |   9.0 |      20 |       1 |   4.8
     Lair:4 |    5368 |     759 |  12.4 |      22 |       1 |   4.3
     Lair:5 |    3524 |     809 |  18.7 |      10 |       1 |   9.1
            +---------+---------+-------+---------+---------+-------
